 Dungeon Crawl Stone Soup version 0.17.1-1-g73c8601 (webtiles) character file.

5098 Rationalist the Nimble (level 10, -6/86 HPs)
             Began as a Demonspawn Berserker on Dec 21, 2015.
             Was a Priest of Trog.
             Mangled by a blink frog (18 damage)
             ... on level 1 of the Lair of Beasts.
             The game lasted 00:15:15 (8199 turns).

Rationalist the Nimble (Demonspawn Berserker)       Turns: 8199, Time: 00:15:15

Health: -6/86      AC:  7    Str: 18      XL:     10   Next: 32%
Magic:  9/9        EV: 17    Int:  9      God:    Trog [***...]
Gold:   623        SH:  0    Dex: 14 (15) Spells: 0 memorised, 9 levels left

rFire  . . .     SeeInvis .     M - +2 hand axe
rCold  . . .     Clarity  .     f - +2 robe {MR+}
rNeg   . . .     SustAt   .     (no shield)
rPois  +         Gourm    .     (helmet restricted)
rElec  .         Spirit   .     (no cloak)
rCorr  .         Warding  .     (no gloves)
rMut   .         Stasis   .     (no boots)
MR     +++..                    (no amulet)
Stlth  +++.......               (no ring)
                                (no ring)

@: regenerating, extremely resistant to hostile enchantments, fairly stealthy
A: horns 2, yellow scales 2, deterioration 1, low mp 1, poison resistance,
robust 1, evolution 1, rot immunity, MP-powered wands
a: Berserk, Trog's Hand, Burn Spellbooks, Renounce Religion


You were on level 1 of the Lair of Beasts.
You worshipped Trog.
Trog was most pleased with you.
You were not hungry.

You visited 2 branches of the dungeon, and saw 9 of its levels.
You also visited: Ossuary.

You collected 693 gold pieces.
You spent 70 gold pieces at shops.

Inventory:

Hand Weapons
 a - a +1 hand axe
 y - the +7 long sword of Quarrel {flame, rPois Dex+5}
   (You found it on level 4 of the Dungeon)

   It has been specially enchanted to burn those struck by it, causing extra
   injury to most foes and up to half again as much damage against particularly
   susceptible opponents.
   Big, fiery blades are also staple armaments of hydra-hunters.
   It affects your dexterity (+5).
   It protects you from poison.
 M - a +2 hand axe (weapon)
Missiles
 i - 70 bolts
 o - 7 sling bullets of flame
 s - 5 poisoned javelins (quivered)
 x - 12 silver sling bullets
 O - 12 sling bullets of frost
Armour
 f - a +2 robe of magic resistance (worn)
 D - a +0 ring mail of cold resistance
Jewellery
 g - a +3 ring of protection {unknown}
 p - an uncursed amulet of rage {unknown}
 q - an uncursed ring of fire {unknown}
 u - an uncursed ring of magical power {unknown}
 E - an uncursed amulet of regeneration {unknown}
 H - an uncursed ring of sustain attributes {unknown}
 N - an uncursed ring of flight {unknown}
Wands
 m - a wand of slowing (23)
 P - a wand of magic darts (24)
Scrolls
 d - 2 scrolls of enchant weapon
 j - 2 scrolls of magic mapping
 n - 6 scrolls of teleportation
 r - a scroll of recharging {unknown}
 t - 5 scrolls of remove curse
 v - 2 scrolls of random uselessness {unknown}
 z - 2 scrolls of immolation {unknown}
 B - a scroll of noise {unknown}
 C - a scroll of enchant armour {unknown}
 I - a scroll of amnesia {unknown}
 J - a scroll of fog {unknown}
 K - 2 scrolls of identify
Potions
 b - 4 potions of haste
 e - a potion of flight
 k - 2 potions of magic
 F - a potion of resistance
 L - a potion of might
 Q - 3 potions of agility
Books
 w - a book of Power

   Spells                             Type                      Level
   a - Fulminant Prism                Conjuration/Hexes            4
   b - Iskenderun's Mystic Blast      Conjuration                  4
   c - Venom Bolt                     Conjuration/Poison           5
   d - Bolt of Magma                  Conjuration/Fire/Earth       5
   e - Iron Shot                      Conjuration/Earth            6
   f - Orb of Destruction             Conjuration                  7
   g - Spellforged Servitor           Conjuration/Summoning        7
   Trog disapproves of the use of such an item.
Comestibles
 c - 7 bread rations
 h - 2 royal jellies
 l - 5 beef jerkies
 G - a meat ration
 R - 2 chunks of flesh


   Skills:
 + Level 7.0 Fighting
 + Level 5.7 Long Blades
 + Level 4.1 Axes
 + Level 2.0 Armour
 + Level 9.2 Dodging
 + Level 6.5 Stealth


You had 9 spell levels left.
You didn't know any spells.

Dungeon Overview and Level Annotations

Branches:
Dungeon (8/15)             Temple (0/1) D:7            Lair (1/8) D:8

Altars:
Ashenzari
Dithmenos
Elyvilon
Fedhas
Gozag
Makhleb
Okawaru
Qazlal
Ru
Sif Muna
Trog
Yredelemnul
Zin
The Shining One

Shops:
D:7 ?


Innate Abilities, Weirdness & Mutations

You have a pair of horns on your head.
You are mostly covered in yellow scales (AC +3).
You are immune to rotting.
Your body sometimes deteriorates upon taking damage.
Your magical capacity is low (-10% MP).
Your system is resistant to poisons.
You are robust (+10% HP).
You evolve.
You expend magic power (3 MP) to strengthen your wands.


Message History

You feel slightly more hungry.
You can no longer call in reinforcements.
The blink frog closely misses you. The blink frog barely misses you.
The water moccasin bites you!
* * * LOW HITPOINT WARNING * * *
The blink frog hits you but does no damage.
The blink frog misses you.
Wield which item (- for none, * to show all)? (? for menu, Esc to quit)
The +7 long sword of Quarrel {flame, rPois Dex+5} stops flaming.
M - a +2 hand axe (weapon)
The blink frog momentarily phases out as your black bear's attack passes through it.
Your black bear claws the blink frog.
Your black bear closely misses the blink frog.
The water moccasin bites you.
* * * LOW HITPOINT WARNING * * *
The blink frog hits you!
* * * LOW HITPOINT WARNING * * *
Drink which item? (? for menu, Esc to quit)
You feel better. The blink frog hits you!!
You die...

♣..#....'..♣ #...
♣..#...⌠#..♣ #...##
♣..######..♣ ......#
♣..........♣ .....F.
♣..........♣ .......
♣♣♣♣...♣♣♣♣♣ . .......#♣
♣♣...♣ ..
.......S#♣♣♣....# #..
......F@F.......# #...
....$..F§..F....# ##....
................###.....
).F.....Fh..............
.......##..###..........
....... #..# #..........
..#./.# #..# #...###....
...... .........# ....
........# ....


You could see 7 blink frogs, a water moccasin and a friendly black bear
(berserk).

Vanquished Creatures
  The ghost of Acur the Fighter, a novice OpFi of Dithmenos (D:7)
  A hill giant (D:7)
  A two-headed ogre (D:8)
  A spriggan (D:7)
  5 yaks (D:6)
  A basilisk (D:8)
  The ghost of Kloppie the Skirmisher, an amateur FoFi (D:6)
  A water moccasin (D:7)
  3 ice beasts
  3 phantoms
  A sky beast (D:7)
  5 ogres
  An eye of draining (D:5)
  A crocodile (Lair:1)
  5 centaurs
  A giant frog (Lair:1)
  4 water moccasin zombies (Ossuary)
  A wyvern skeleton (D:7)
  A wight (D:7)
  A giant frog zombie (D:6)
  2 giant frog skeletons
  Ijyb (D:3)
  A centaur skeleton (D:8)
  2 worker ants
  4 iguanas
  An orc wizard (D:4)
  2 hounds
  Natasha (twice) (D:2)
  A hell rat (D:8)
  2 big kobold zombies (Ossuary)
  A hound skeleton (D:4)
  3 mummies
  3 gnolls
  A river rat (D:8)
  5 adders
  A shadow imp (D:5)
  An ooze (D:1)
  3 adder skeletons
  4 adder zombies (Ossuary)
  A worm (D:2)
  6 giant geckos
  15 orcs
  2 ball pythons
  4 giant cockroaches
  A gnoll zombie (Ossuary)
  7 hobgoblins
  8 jackals
  4 quokkas
  6 bats
  A giant gecko skeleton (D:5)
  A giant gecko zombie (D:8)
  2 giant newts
  13 goblins
  A goblin zombie (D:7)
  2 hobgoblin zombies (Ossuary)
  A jackal zombie (D:6)
  11 kobolds
  2 kobold zombies (Ossuary)
  9 orc zombies
  7 rats
183 creatures vanquished.

Notes
Turn   | Place    | Note
--------------------------------------------------------------
     0 | D:1      | Rationalist the Demonspawn Berserker began the quest for the Orb.
     0 | D:1      | Reached XP level 1. HP: 18/18 MP: 1/1
   203 | D:1      | Gained mutation: You are partially covered in yellow scales (AC +2). [demonic ancestry]
   203 | D:1      | Reached XP level 2. HP: 12/24 MP: 2/2
   869 | D:1      | Gained mutation: You have a pair of small horns on your head. [demonic ancestry]
   869 | D:1      | Reached XP level 3. HP: 29/29 MP: 3/3
   930 | D:1      | Reached ** piety under Trog
  1214 | D:2      | Noticed Natasha
  1223 | D:2      | Killed Natasha
  1223 | D:2      | Gained mutation: You have a pair of horns on your head. [demonic ancestry]
  1223 | D:2      | Reached XP level 4. HP: 12/37 MP: 4/4
  1565 | D:2      | Noticed Natasha
  1576 | D:2      | Killed Natasha
  1770 | D:2      | Found a faded altar to an unknown god.
  2446 | D:3      | Reached skill level 4 in Fighting
  2615 | D:3      | Noticed Ijyb
  2663 | D:3      | Killed Ijyb
  2663 | D:3      | Gained mutation: You are mostly covered in yellow scales (AC +3). [demonic ancestry]
  2663 | D:3      | Reached XP level 5. HP: 20/42 MP: 5/5
  3003 | D:3      | Found a burning altar of Makhleb.
  3003 | D:3      | Noticed a blizzard demon
  3007 | D:3      | Noticed a smoke demon
  3007 | D:3      | Noticed a smoke demon
  3073 | D:4      | Reached skill level 1 in Stealth
  3091 | D:4      | Found a stormy altar of Qazlal.
  3105 | D:4      | Reached *** piety under Trog
  3256 | D:4      | Reached XP level 6. HP: 48/48 MP: 6/6
  3365 | D:4      | Got a pitted long sword
  3366 | D:4      | Identified the +7 long sword of Quarrel {flame, rPois Dex+5} (You found it on level 4 of the Dungeon)
  3429 | D:4      | Found a deep blue altar of Sif Muna.
  3630 | D:5      | Entered Level 5 of the Dungeon
  3663 | D:5      | Found a white marble altar of Elyvilon.
  3913 | D:5      | Found a sacrificial altar of Ru.
  4301 | D:5      | Found a bloodstained altar of Trog.
  4304 | D:5      | Reached skill level 5 in Dodging
  4304 | D:5      | Reached XP level 7. HP: 49/55 MP: 7/7
  4312 | D:5      | Reached skill level 1 in Long Blades
  4418 | D:5      | Gained mutation: You evolve. [potion of beneficial mutation]
  4567 | D:6      | Noticed Kloppie's ghost (amateur FoFi)
  4574 | D:6      | Killed Kloppie's ghost
  4574 | D:6      | Reached skill level 5 in Fighting
  4617 | D:6      | Reached XP level 8. HP: 47/62 MP: 8/8
  4685 | D:6      | Found a shadowy altar of Dithmenos.
  4713 | D:6      | Noticed a yak
  4713 | D:6      | Noticed a yak
  4713 | D:6      | Noticed a yak
  4714 | D:6      | Noticed a yak
  4714 | D:6      | Noticed a yak
  4724 | D:6      | Killed a yak
  4724 | D:6      | Reached skill level 6 in Dodging
  4729 | D:6      | Killed a yak
  4734 | D:6      | Killed a yak
  4741 | D:6      | Killed a yak
  4746 | D:6      | Killed a yak
  4746 | D:6      | Reached skill level 5 in Stealth
  5155 | D:6      | Reached XP level 9. HP: 69/69 MP: 9/9
  5744 | D:6      | Gained mutation: Your muscles are strong. (Str +2) [potion of mutation]
  5744 | D:6      | Gained mutation: You expend magic power (3 MP) to strengthen your wands. [potion of mutation]
  5744 | D:6      | Gained mutation: You occasionally shout uncontrollably at your foes. [potion of mutation]
  5745 | D:6      | Gained mutation: Your system is resistant to poisons. [potion of mutation]
  5745 | D:6      | Lost mutation: Your muscles are strong. (Str +2) [potion of mutation]
  5745 | D:6      | Gained mutation: Your magical capacity is low (-10% MP). [potion of mutation]
  5774 | D:7      | Found a blossoming altar of Fedhas.
  5802 | D:7      | Lost mutation: You occasionally shout uncontrollably at your foes. [mutagenic meat]
  5803 | D:7      | Gained mutation: You have large cloven feet. [mutagenic meat]
  5804 | D:7      | Lost mutation: You have large cloven feet. [mutagenic meat]
  5805 | D:7      | Gained mutation: Your body sometimes deteriorates upon taking damage. [mutagenic meat]
  5806 | D:7      | Gained mutation: You are robust (+10% HP). [mutagenic meat]
  5847 | D:7      | Found a staircase to the Ecumenical Temple.
  5983 | D:7      | Found a sand-covered staircase.
  5988 | Ossuary  | Entered an ossuary
  6051 | Ossuary  | Reached skill level 7 in Dodging
  6441 | D:7      | Found Pifidian's Magic Scroll Boutique.
  6509 | D:7      | Noticed a hill giant
  6529 | D:7      | Killed a hill giant
  6529 | D:7      | Reached skill level 8 in Dodging
  6538 | D:7      | Noticed Acur's ghost (novice OpFi)
  6540 | D:7      | Found a glowing golden altar of the Shining One.
  6603 | D:7      | Killed Acur's ghost
  6603 | D:7      | Reached skill level 5 in Long Blades
  6759 | D:7      | Found a glowing silver altar of Zin.
  6767 | D:7      | Found a basalt altar of Yredelemnul.
  7000 | D:7      | Gained mutation: You are immune to rotting. [demonic ancestry]
  7000 | D:7      | Reached XP level 10. HP: 82/84 MP: 9/9
  7055 | D:7      | Found an opulent altar of Gozag.
  7362 | D:7      | Bought a scroll of identify for 28 gold pieces
  7362 | D:7      | Bought a scroll of remove curse for 42 gold pieces
  7411 | D:8      | Found an iron altar of Okawaru.
  7461 | D:8      | Found an iron altar of Okawaru.
  7641 | D:8      | Reached skill level 9 in Dodging
  7969 | D:8      | Found a shattered altar of Ashenzari.
  7978 | D:8      | Found a staircase to the Lair.
  7986 | D:8      | Reached **** piety under Trog
  8071 | Lair:1   | Entered Level 1 of the Lair of Beasts
  8198 | Lair:1   | HP: 3/86 [blink frog (11)]
  8199 | Lair:1   | Mangled by a blink frog

Action                   |  1- 3 |  4- 6 |  7- 9 | 10-12 || total
-------------------------+-------+-------+-------+-------++-------
Melee: Hand axe          |   124 |   150 |       |       ||   274
       Long sword        |       |    24 |   202 |    68 ||   294
Invok: Berserk           |       |     1 |     1 |       ||     2
       Trog's Hand       |       |       |     1 |     1 ||     2
       Brothers in Arms  |       |       |       |     1 ||     1
  Use: Potion            |     2 |       |     4 |     2 ||     8
       Scroll            |       |     2 |     7 |     4 ||    13
 Stab: Sleeping          |       |     4 |    12 |     2 ||    18
  Eat: Chunk             |       |    11 |    13 |     2 ||    26
       Fruit             |       |       |     3 |     4 ||     7
